 Dungeon Crawl Stone Soup version 0.26-a0-778-g3fe0686644 (console) character file.

Game seed: 13800214052514397205

151566 om the Warrior (level 17, -9/159 HPs)
             Began as a Minotaur Fighter on Nov 10, 2020.
             Was an Initiate of Gozag.
             Killed from afar by Arachne (49 damage)
             ... with a bolt of poison
             ... on level 2 of the Spider Nest.
             The game lasted 01:22:33 (31678 turns).

om the Warrior (Minotaur Fighter)                  Turns: 31678, Time: 01:22:34

Health: -9/159     AC: 22    Str: 25    XL:     17   Next: 1%
Magic:  16/16      EV: 12    Int: 10    God:    Gozag
Gold:   9156       SH:  0    Dex: 13    Spells: 16/16 levels left

rFire    . . .     SeeInvis +   a - +11 war axe of Causality {vorpal, rN+}
rCold    . . .     Faith    .   P - +2 kite shield
rNeg     + + +     Spirit   .   U - +0 storm dragon scales
rPois    .         Reflect  .   B - +2 hat "Kiegelom" {*Contam Harm rN+++}
rElec    +         Harm     +   Y - scarf {+Inv}
rCorr    .         Rampage  +   G - +0 pair of gloves of Hashroel {Int+5} (curse)
MR       +....                  X - +0 pair of boots {rampage}
Stlth    ..........             w - amulet of regeneration
HPRegen  0.76/turn              r - ring of see invisible
MPRegen  0.15/turn              D - +4 ring of evasion

@: lethally poisoned (-9 -> -20), gold aura, held, studying Fighting
A: retaliatory headbutt, horns 2, blurry vision 1
a: Potion Petition, Call Merchant, Bribe Branch, Renounce Religion, Evoke
Invisibility


You were on level 2 of the Spider Nest.
You worshipped Gozag.
Gozag was greatly pleased with you.
You visited 6 branches of the dungeon, and saw 28 of its levels.
You also visited: Bailey, Gauntlet and Volcano.

You collected 9910 gold pieces.
You spent 220 gold pieces at shops.
You paid 534 gold pieces to Gozag.

Inventory:

Hand Weapons
 a - the +11 war axe of Causality (weapon) {vorpal, rN+}
   (You found it on level 10 of the Dungeon)

   It inflicts extra damage upon your enemies.
   It protects you from negative energy.
 b - a +0 hand crossbow of flaming
 f - a +2 hand axe of venom
 K - a +3 scimitar of flaming
Missiles
 z - 102 bolts
Armour
 B - the +2 hat "Kiegelom" (worn) {*Contam Harm rN+++}
   (You acquired it on level 13 of the Dungeon)

   It renders you almost immune to negative energy.
   It causes magical contamination when unequipped.
   It increases damage dealt and taken.
 G - the cursed +0 pair of gloves of Hashroel (worn) {Int+5}
   (You found it in a Gauntlet)

   It affects your intelligence (+5).
   It has a curse placed upon it.
 P - a +2 kite shield (worn)
 U - +0 storm dragon scales (worn)
 X - a +0 pair of boots of rampaging (worn)
 Y - a scarf of invisibility (worn)
Jewellery
 p - an uncursed ring of protection from fire
 r - a ring of see invisible (left hand)
 u - an uncursed ring of positive energy
 w - an amulet of regeneration (around neck)
 x - an uncursed ring of protection from cold
 y - an uncursed ring of poison resistance
 D - a +4 ring of evasion (right hand)
 I - a +6 ring of dexterity
Wands
 c - a wand of paralysis (14)
 g - a wand of iceblast (61)
 m - a wand of disintegration (32)
 v - a wand of acid (7)
 J - a wand of polymorph (18)
 N - a wand of flame (39)
 W - a wand of digging (18)
 Z - a wand of enslavement (8)
Scrolls
 e - 6 scrolls of immolation
 i - 3 scrolls of fog
 l - 2 scrolls of magic mapping
 n - a scroll of fear
 o - 10 scrolls of enchant weapon
 q - 13 scrolls of teleportation
 t - 5 scrolls of remove curse
 A - a scroll of blinking
 E - 2 scrolls of enchant armour
 O - a scroll of silence
 Q - a scroll of brand weapon
 S - 3 scrolls of vulnerability
 V - a scroll of holy word
Potions
 d - 5 potions of might
 h - a potion of cancellation
 j - 4 potions of heal wounds
 k - 4 potions of berserk rage
 s - 2 potions of lignification
 C - a potion of resistance
 F - 4 potions of ambrosia
 L - 8 potions of curing
 M - a potion of brilliance
 R - 5 potions of haste
Books
 T - a manual of Fighting
Miscellaneous
 H - a condenser vane


   Skills:
 * Level 16.3 Fighting
 - Level 16.0 Axes
 - Level 10.0 Crossbows
 - Level 15.0 Armour
 * Level 14.7 Dodging
 - Level 14.0 Shields
 - Level 10.0 Evocations


You had 16 spell levels left.
You didn't know any spells.
Your spell library contained the following spells:

 Spells                   Type           Power        Failure   Level
 Apportation              Tloc           #.....       86%         1
 Corona                   Hex            #......      86%         1
 Foxfire                  Conj/Fire      #...         86%         1
 Freeze                   Ice            #...         86%         1
 Magic Dart               Conj           #...         86%         1
 Corpse Rot               Necr/Air       N/A          95%         2
 Ensorcelled Hibernation  Hex/Ice        #.....       95%         2
 Searing Ray              Conj           #.....       95%         2
 Sublimation of Blood     Necr           #.........   95%         2
 Confusing Touch          Hex            #.......     99%         3
 Conjure Flame            Conj/Fire      #.......     99%         3
 Dazzling Flash           Conj/Hex       #.....       99%         3
 Frozen Ramparts          Ice            #.....       99%         3
 Gell's Gravitas          Tloc           #.........   99%         3
 Inner Flame              Hex/Fire       #.......     99%         3
 Lesser Beckoning         Tloc           #.........   99%         3
 Ozocubu's Armour         Ice            #.......     99%         3
 Static Discharge         Conj/Air       #.......     99%         3
 Tukima's Dance           Hex            #.......     99%         3
 Animate Dead             Necr           #.........   100%        4
 Dispel Undead            Necr           #.......     100%        4
 Fulminant Prism          Conj/Hex       #.........   100%        4
 Hailstorm                Conj/Ice       #.......     100%        4
 Iskenderun's Mystic Bla  Conj/Tloc      #.......     100%        4
 Petrify                  Tmut/Erth      #.......     100%        4
 Sticky Flame             Conj/Fire      #.......     100%        4
 Summon Ice Beast         Ice/Summ       #.......     100%        4
 Agony                    Necr           #.......     100%        5
 Alistair's Intoxication  Tmut/Pois      #........    100%        5
 Borgnjor's Vile Clutch   Necr/Erth      #.........   100%        5
 Excruciating Wounds      Necr           #.........   100%        5
 Fireball                 Conj/Fire      #.........   100%        5
 Lightning Bolt           Conj/Air       #.........   100%        5
 Metabolic Englaciation   Hex/Ice        #.........   100%        5
 Yara's Violent Unravell  Hex/Tmut       #.........   100%        5
 Death Channel            Necr           #.........   100%        6
 Invisibility             Hex            #.......     100%        6
 Simulacrum               Ice/Necr       #.........   100%        6
 Ignition                 Fire           #.........   100%        8
 Shatter                  Erth           #.........   100%        9
 Tornado                  Air            #.........   100%        9


Dungeon Overview and Level Annotations

Branches:
Dungeon (15/15)            Temple (1/1) D:4            Lair (6/6) D:9
  Swamp (0/4) Lair:3       Spider (3/4) Lair:3        Slime (0/5) Lair:5
    Orc (2/2) D:10            Elf (1/3) Orc:2        Vaults (0/5) D:14
 Bailey (visited)         Volcano (visited)         Gauntlet (visited)
 Depths: D:15

Altars:
Ashenzari
Cheibriados
Dithmenos
Elyvilon
Fedhas
Gozag
Hepliaklqana
Kikubaaqudgha
Makhleb
Nemelex Xobeh
Okawaru
Qazlal
Ru
Sif Muna
Trog
Uskayaw
Vehumet
Wu Jian
Xom
Yredelemnul
Zin
The Shining One

Shops:
D:5 *   Orc:2 *[[   Lair:6 [

Annotations:
Spider:2 Arachne


Innate Abilities, Weirdness & Mutations

You reflexively headbutt those who attack you in melee.
You have a pair of horns on your head.
Scrolls take you a little longer to read.


Message History

You feel better. You block Arachne's attack. Arachne completely misses you.
You hit Arachne but do no damage. You headbutt Arachne.
Arachne is almost dead.
You block Arachne's attack.
You slash Arachne! Your headbutt misses Arachne.
Arachne is almost dead.
Arachne points her staff at you, shooting a stream of webbing.
The stream of webbing hits you but does no damage.
You are caught in a web!
You feel much better. Arachne misses you.
You struggle to detach yourself from the web.
Arachne hits you with an uncursed staff of poison!
Arachne envenoms you!
* * * LOW HITPOINT WARNING * * *
You are poisoned.
Arachne casts a spell at you. The bolt of poison hits you!!!
You are more poisoned.
You die...
Your body crumbles into a pile of gold.

##.<........ ##### ######
#........... #...#### #.##.#
#........... .......#
####..#####........... .......##
#........##...........
........#####.......###..........
..........##^#.....######........
..........#.####.>#..^....#...###
............# ###.........#### #
............## ##...........#####
.............###@#...............
#..............>#H.........#.....
##............#.#................
###...........#............(.....
.###......##...............#.....
...###...######...........##.....
....##..## ######.........#######
...^....####..# #........## #.# #
.....##.#.....# #.......#####.###
....####.####.###....^.###.^.....
...#############.###.##..........


You could see Arachne.

Vanquished Creatures
  Nikola (Spider:1)
  Jorgrun (D:15)
  Kirke (D:15)
  An orc warlord (Orc:1)
  2 ghost moths (Spider:2)
  An emperor scorpion (Spider:2)
  3 entropy weavers
  A stone giant (Orc:1)
  Nessos (Lair:5)
  Azrael (D:15)
  A minotaur (Gauntlet)
  The ghost of Ganudwyg the Peltast, a journeyman MiFi of Wu Jian (Lair:3)
  Josephine (D:15)
  A yaktaur captain (D:15)
  The ghost of Charmandara the Destroyer, a journeyman DrCj of Gozag (Lair:2)
  A merfolk avatar (Lair:6)
  6 centaur warriors
  6 boulder beetles
  3 hydras
  An anaconda (Lair:4)
  3 catoblepae
  9 two-headed ogres
  A tengu warrior (D:15)
  A hell hog (Gauntlet)
  2 ogre magi (D:15)
  4 orc high priests
  A soul eater (Gauntlet)
  A hell knight (Volcano)
  A sun demon (Volcano)
  5 unseen horrors
  Pikel (D:7)
  A bog body (Lair:3)
  3 wizards (D:14)
  A lindwurm (Lair:6)
  2 harpies (Lair:6)
  5 orc knights
  14 ugly things
  6 orb spiders
  4 cyclopes
  3 deep elf magi (Elf:1)
  14 wolf spiders
  3 orc sorcerers (Orc:2)
  2 manticores
  A moth of wrath (Spider:2)
  An oklob plant (Orc:1)
  A salamander (shapeshifter) (D:14)
  19 elephants
  A black mamba (shapeshifter) (D:13)
  2 centaur zombies
  12 black mambas
  An eye of devastation (Lair:5)
  2 gargoyles (D:13)
  13 cane toads
  4 torpor snails
  4 centaur skeletons
  8 rime drakes
  A rime drake (shapeshifter) (D:14)
  8 komodo dragons
  11 trolls
  5 demonic crawlers
  6 polar bears
  Grinder (D:4)
  17 jumping spiders
  A tengu conjurer (D:15)
  2 harpy skeletons (D:15)
  A hornet (shapeshifter) (D:15)
  14 blink frogs
  2 wind drakes (Lair:6)
  17 slime creatures
  3 hornets
  Prince Ribbit (D:7)
  17 tarantellas
  A centaur simulacrum (D:15)
  3 vampires
  5 wyverns
  40 redbacks
  A shadow (D:15)
  5 hogs (D:15)
  2 fire elementals (D:15)
  5 wraiths
  2 fire bats (Gauntlet)
  46 yaks
  6 basilisks
  3 vampire mosquitoes (D:12)
  6 swamp worms
  3 acid dragons
  A soldier ant (D:15)
  Duvessa (D:6)
  8 hell hounds
  23 water moccasins
  2 wargs (Orc:2)
  36 orc warriors
  4 phantoms
  Purgy (D:3)
  4 black bears
  4 ice beasts
  8 sky beasts
  A necrophage (D:8)
  An eye of draining (Lair:5)
  9 ogres
  11 centaurs
  17 wolves
  3 lemures (D:7)
  15 bullfrogs
  A wyvern zombie (D:14)
  Dowan (D:6)
  A wyvern skeleton (D:6)
  8 scorpions
  A blink frog simulacrum (Lair:2)
  An elephant simulacrum (Lair:2)
  12 killer bees
  15 wights
  9 howler monkeys
  4 electric eels
  3 bullfrog zombies
  16 hounds
  A komodo dragon simulacrum (Lair:2)
  2 quasits
  A wyvern simulacrum (Lair:2)
  5 bullfrog skeletons
  2 water moccasin simulacra (Lair:2)
  6 jellies
  20 orc priests
  Crazy Yiuf (D:7)
  Jessica (D:2)
  4 iguanas
  32 orc wizards
  7 worker ants
  A basilisk simulacrum (Lair:2)
  A black bear simulacrum (Lair:2)
  2 hound skeletons
  2 hound zombies (D:9)
  A howler monkey zombie (D:9)
  A worker ant zombie (D:9)
  24 gnolls
  22 adders
  3 shadow imps (Gauntlet)
  4 white imps
  2 ufetubi (D:10)
  4 oozes
  3 adder skeletons
  An adder zombie (D:8)
  4 worms
  3 dart slugs
  10 leopard geckos
  108 orcs
  4 ball pythons
  10 bats
  5 giant cockroaches
  10 goblins
  19 hobgoblins
  26 jackals
  5 quokkas
  A ball python skeleton (D:5)
  10 frilled lizards
  2 jackal skeletons (D:4)
  19 kobolds
  A quokka skeleton (D:4)
  9 rats
1046 creatures vanquished.

Vanquished Creatures (others)
  32 fungi
  64 plants
  22 withered plants (Gauntlet)
118 creatures vanquished.

Grand Total: 1164 creatures vanquished

Notes
Turn   | Place    | Note
-------+----------+-------------------------------------------
     0 | D:1      | om the Minotaur Fighter began the quest for the Orb.
     0 | D:1      | Reached XP level 1. HP: 19/19 MP: 0/0
    94 | D:1      | Reached XP level 2. HP: 8/27 MP: 1/1
   117 | D:1      | HP: 1/27 [leopard gecko (3)]
   747 | D:1      | Reached XP level 3. HP: 32/33 MP: 2/2
   929 | D:1      | Reached skill level 1 in Dodging
  1445 | D:2      | Reached XP level 4. HP: 35/40 MP: 3/3
  1836 | D:2      | Noticed Jessica
  1841 | D:2      | Killed Jessica
  1874 | D:2      | Reached XP level 5. HP: 32/46 MP: 4/4
  2358 | D:2      | Found a shimmering altar of Xom.
  2595 | D:3      | Reached skill level 5 in Axes
  2595 | D:3      | Reached XP level 6. HP: 12/52 MP: 5/5
  3022 | D:3      | Found a broken altar of Ashenzari.
  3198 | D:3      | Noticed Purgy
  3204 | D:3      | Killed Purgy
  3204 | D:3      | Reached skill level 5 in Armour
  3204 | D:3      | Reached skill level 5 in Shields
  3509 | D:4      | Reached XP level 7. HP: 55/59 MP: 6/6
  3659 | D:4      | Found a staircase to the Ecumenical Temple.
  3729 | D:4      | Noticed Grinder
  3736 | D:4      | Paralysed by Grinder for 3 turns
  3752 | D:4      | Killed Grinder
  3869 | D:4      | Reached skill level 5 in Dodging
  4177 | D:4      | Reached XP level 8. HP: 66/66 MP: 7/7
  4609 | Temple   | Entered the Ecumenical Temple
  4953 | D:5      | Entered Level 5 of the Dungeon
  5002 | D:5      | Reached skill level 5 in Fighting
  5154 | D:5      | Found Yzxelamm's Serpentskin Sales.
  5374 | D:6      | Found a shimmering blue altar of Sif Muna.
  5375 | D:6      | Found a sacrificial altar of Ru.
  5379 | D:6      | Found a stormy altar of Qazlal.
  5383 | D:6      | Found a radiant altar of Vehumet.
  5384 | D:6      | Found a shadowy altar of Dithmenos.
  5385 | D:6      | Found a glowing silver altar of Zin.
  5387 | D:6      | Found an opulent altar of Gozag.
  5393 | D:6      | Became a worshipper of Gozag Ym Sagoz the Greedy
  5661 | D:6      | Noticed Duvessa
  5661 | D:6      | Noticed Dowan
  5665 | D:6      | Killed Duvessa
  5681 | D:6      | Killed Dowan
  5812 | D:6      | Reached XP level 9. HP: 73/75 MP: 8/8
  5947 | D:6      | Reached skill level 10 in Axes
  6416 | D:6      | Found a bloodstained altar of Trog.
  6755 | D:7      | Found a runed translucent door.
  6756 | D:7      | Noticed Crazy Yiuf
  6946 | D:7      | Noticed Pikel
  6956 | D:7      | Killed Pikel
  7225 | D:7      | Noticed Prince Ribbit
  7240 | D:7      | Killed Prince Ribbit
  7301 | D:7      | Reached XP level 10. HP: 83/83 MP: 9/9
  7661 | D:7      | Killed Crazy Yiuf
  8052 | D:8      | Found a hide-covered altar of Uskayaw.
  8420 | D:8      | Noticed a two-headed ogre
  8431 | D:8      | Killed a two-headed ogre
  9032 | D:9      | Noticed a red ugly thing
  9156 | D:9      | Reached skill level 1 in Crossbows
  9269 | D:9      | Killed a red ugly thing
  9417 | D:9      | Found a staircase to the Lair.
  9710 | D:9      | Reached XP level 11. HP: 42/92 MP: 10/10
  9922 | D:9      | Reached skill level 5 in Crossbows
 10273 | D:10     | Entered Level 10 of the Dungeon
 10273 | D:10     | Noticed a two-headed ogre
 10281 | D:10     | Killed a two-headed ogre
 10292 | D:10     | Got a bloodstained war axe
 10305 | D:10     | Identified the +11 war axe of Causality {vorpal, rN+} (You
                  | found it on level 10 of the Dungeon)
 10724 | D:10     | Found a staircase to the Orcish Mines.
 10802 | D:10     | Reached skill level 15 in Axes
 12531 | D:12     | Killed an unseen horror
 12531 | D:12     | Reached XP level 12. HP: 86/101 MP: 11/11
 12693 | D:12     | Noticed a boulder beetle
 12990 | D:12     | Killed a boulder beetle
 13308 | D:12     | Noticed an eight-headed hydra
 13343 | D:12     | HP: 2/101 [11-headed hydra (9)]
 13677 | Orc:1    | Entered Level 1 of the Orcish Mines
 13677 | Orc:1    | Noticed an orc high priest
 13704 | Orc:1    | Found a flagged portal.
 13772 | Bailey   | Entered a bailey
 14443 | Orc:2    | Entered Level 2 of the Orcish Mines
 14618 | Orc:2    | Noticed a stone giant
 14663 | Orc:1    | Killed a stone giant
 15078 | Orc:1    | Killed an orc high priest
 15219 | Orc:2    | Noticed an orc warlord
 15239 | Orc:1    | Killed an orc warlord
 15265 | Orc:2    | Reached skill level 10 in Shields
 15519 | Orc:1    | Reached skill level 10 in Armour
 15590 | Orc:2    | Found a staircase to the Elven Halls.
 15603 | Orc:2    | Noticed an orc high priest
 15693 | Orc:2    | Noticed an orc high priest
 15703 | Orc:2    | Killed an orc high priest
 15708 | Orc:2    | Killed an orc high priest
 15743 | Orc:2    | Reached XP level 13. HP: 66/107 MP: 12/12
 15866 | Orc:2    | Paralysed by an orc sorcerer for 7 turns
 15969 | Orc:2    | Reached skill level 10 in Dodging
 16061 | Orc:2    | Found Fageg's Armour Shop.
 16061 | Orc:2    | Found Enorphuan's General Store.
 16064 | Orc:2    | Found Hiabb's Armour Shop.
 16064 | Orc:2    | Found Gunkopn's Gadget Emporium.
 16075 | Orc:2    | Bought a scroll of teleportation for 36 gold pieces
 16158 | Elf:1    | Entered Level 1 of the Elven Halls
 16289 | Elf:1    | Reached skill level 1 in Evocations
 16992 | D:13     | Reached skill level 10 in Crossbows
 17023 | D:13     | Found a broken altar of Ashenzari.
 17113 | D:13     | Identified a scroll of acquirement
 17113 | D:13     | Acquired the +2 hat "Kiegelom" {*Contam Harm rN+++}
 17607 | D:13     | Reached skill level 5 in Evocations
 18008 | D:14     | Found a sparkling altar of Nemelex Xobeh.
 18084 | D:14     | Reached XP level 14. HP: 81/115 MP: 13/13
 18786 | D:14     | Found a gate to the Vaults.
 18891 | D:15     | Entered Level 15 of the Dungeon
 18894 | D:15     | Noticed Kirke
 18909 | D:15     | Killed Kirke
 19198 | D:15     | Noticed Jorgrun
 19214 | D:15     | Killed Jorgrun
 19452 | D:15     | Noticed Josephine
 19466 | D:15     | Killed Josephine
 19506 | D:15     | Gained mutation: Scrolls take you a little longer to read.
                  | [mutagenic glow]
 19906 | D:15     | Noticed Azrael
 19923 | D:15     | Killed Azrael
 20227 | Lair:1   | Entered Level 1 of the Lair of Beasts
 20302 | Lair:1   | Reached XP level 15. HP: 124/124 MP: 14/14
 20310 | Lair:1   | Found a dark tunnel.
 20317 | Volcano  | Entered a volcano
 21320 | Lair:2   | Noticed Charmandara's ghost (journeyman DrCj)
 21680 | Lair:2   | Found a runed translucent gate.
 21681 | Lair:2   | Found a runed translucent gate.
 21682 | Lair:2   | Found a runed translucent gate.
 22315 | Lair:2   | Killed Charmandara's ghost
 22392 | Lair:2   | Got the ring "Suuc" {Fire}
 22424 | Lair:2   | Identified the ring "Suuc" {Fire Dex+4} (You found it on
                  | level 2 of the Lair of Beasts)
 22810 | Lair:3   | Found a runed translucent door.
 22821 | Lair:3   | Reached skill level 10 in Fighting
 22847 | Lair:3   | Noticed Ganudwyg's ghost (journeyman MiFi)
 22863 | Lair:3   | Killed Ganudwyg's ghost
 22953 | Lair:3   | Found a staircase to the Swamp.
 23320 | Lair:3   | Found a hole to the Spider Nest.
 24702 | Lair:5   | Found a staircase to the Slime Pits.
 25042 | Lair:5   | Noticed Nessos
 25050 | Lair:5   | Killed Nessos
 25615 | Lair:6   | Entered Level 6 of the Lair of Beasts
 25748 | Lair:6   | Found a gate leading to a gauntlet.
 25758 | Gauntlet | Found the amulet of the Air {Inacc +Fly rElec EV+5 RMsl}
 25758 | Gauntlet | Entered a Gauntlet
 25758 | Gauntlet | Found a transporter.
 25758 | Gauntlet | Found a large runed translucent door.
 25758 | Gauntlet | Found a large runed translucent door.
 25758 | Gauntlet | Found a large runed translucent door.
 25758 | Gauntlet | Found a large runed translucent door.
 25758 | Gauntlet | Found a runed translucent door.
 25758 | Gauntlet | Found a runed translucent door.
 25758 | Gauntlet | Found a large runed translucent door.
 25758 | Gauntlet | Found a large runed translucent door.
 25758 | Gauntlet | Found a large runed translucent door.
 25758 | Gauntlet | Found a large runed translucent door.
 25758 | Gauntlet | Found a large runed translucent door.
 25758 | Gauntlet | Found a large runed translucent door.
 25890 | Gauntlet | Found a large runed translucent door.
 25890 | Gauntlet | Found a large runed translucent door.
 25902 | Gauntlet | Found a transporter.
 25913 | Gauntlet | Found a transporter.
 25918 | Gauntlet | Found a transporter.
 25935 | Gauntlet | Found a transporter.
 25953 | Gauntlet | Found a transporter.
 25965 | Gauntlet | Found a transporter.
 25977 | Gauntlet | Found a transporter.
 25989 | Gauntlet | Found a transporter.
 25995 | Gauntlet | Found a transporter.
 25995 | Gauntlet | Found a transporter.
 26010 | Gauntlet | Found a transporter.
 26016 | Gauntlet | Found a transporter.
 26055 | Gauntlet | Found a transporter.
 26073 | Gauntlet | Found a large runed translucent door.
 26074 | Gauntlet | Found a large runed translucent door.
 26078 | Gauntlet | Found a runed translucent gate.
 26078 | Gauntlet | Found a runed translucent gate.
 26078 | Gauntlet | Found a runed translucent gate.
 26080 | Gauntlet | Found a transporter.
 26082 | Gauntlet | Found a transporter.
 26088 | Gauntlet | Found a large runed translucent door.
 26089 | Gauntlet | Found a large runed translucent door.
 26102 | Gauntlet | Found a transporter.
 26180 | Gauntlet | Found a transporter.
 26583 | Gauntlet | Got a pair of shimmering gloves
 26589 | Gauntlet | Identified the cursed +0 pair of gloves of Hashroel {Int+5}
                  | (You found it in a Gauntlet)
 26636 | Gauntlet | Reached XP level 16. HP: 141/141 MP: 12/15
 26827 | Lair:6   | Paralysed by a hornet for 2 turns
 27324 | Lair:6   | Reached skill level 10 in Evocations
 27876 | Spider:1 | Entered Level 1 of the Spider Nest
 28484 | Lair:6   | Bought a +0 pair of boots of rampaging for 184 gold pieces
 28589 | Spider:1 | Noticed Nikola
 28600 | Spider:1 | Killed Nikola
 29469 | Spider:1 | You fall into a shaft and drop 1 floor!
 29480 | Spider:2 | Reached skill level 15 in Fighting
 30238 | Spider:2 | Reached skill level 15 in Armour
 31489 | Spider:3 | Noticed Arachne
 31496 | Spider:2 | Reached XP level 17. HP: 131/158 MP: 16/16
 31678 | Spider:2 | Killed from afar by Arachne

Illustrated notes

Levels and vault maps discovered:
D:1:      lemuel_arrival_hallway, layout_loops_ring
D:2:      layout_loops_ring, tgw_xom, uniq_jessica
D:3:      layout_basic, cheibrodos_ashenzari_chains, minmay_misc_feat_columns,
          uniq_purgy
D:4:      layout_gridville, minmay_temple_entry_trees, minmay_joined_circles,
          uniq_grinder
D:5:      layout_rooms, guppyfry_shop_venom
D:6:      cheibrodos_barr_body, layout_gridville, minitemple,
          nicolae_overflow_hidden_temple, grunt_decor_resistance, minivault_22,
          minmay_misc_feat_ornament, uniq_duvessa
D:7:      layout_loops_ring, uniq_prince_ribbit1, uniq_crazy_yiuf_cottage,
          uniq_pikel
D:8:      layout_loops_corners, lemuel_coloured_pillars_altar, hex_medium
D:9:      layout_rooms, erik_lair_island, grunt_potential
D:10:     layout_loops_ring, orc_0_dummy
D:11:     layout_loops_ring
D:12:     layout_stronghold
D:13:     layout_irregular_city, basic_altar, grunt_ogre_cave, st_stairs_13
D:14:     layout_loops_ring, david_vaults_1, nemelex_xobeh_ov_fountains_minmay,
          chequers_avenue, minmay_between
D:15:     grunt_enter_depths_snipers, layout_irregular_city,
          grunt_decor_arrowhead, minmay_the_grid_2x2 [minmay_the_grid_gridbox,
          minmay_the_grid_minigrid_small_alt, minmay_the_grid_square_x,
          minmay_the_grid_prize_trominoes], uniq_jorgrun, uniq_kirke,
          uniq_azrael, uniq_josephine
Temple:   hc_temple_tempest_star
Lair:1:   layout_misc_corridors, nicolae_volcano_entry_hallway,
          cheibrodos_lair_reptile_den
Lair:2:   beast_lair_carwin_large_2, layout_loops_ring, gammafunk_ghost_icy,
          serial_bayou, serial_bayou_shore_b, serial_bayou_lagoon_b,
          serial_bayou_crossing, serial_bayou_ford_a
Lair:3:   layout_regular_city, skrybe_swamp_entry_bodies, dummy_spider_entry,
          ebering_ghost_reflecting_pool
Lair:4:   beast_lair_carwin_large_4, layout_cave_pods, worms_lemuel
Lair:5:   layout_roguey, minmay_slime_entry_eyes, nicolae_quartered_pool_little,
          uniq_nessos
Lair:6:   gammafunk_lair_ancient_temple, layout_concentric_octagons,
          gauntlet_entry_generic
Spider:1: layout_spider_delve, uniq_nikola
Spider:2: layout_chambers, spiders_nest_hornet_nest
Spider:3: layout_spider_delve, gammafunk_ghost_necromancy, uniq_arachne
Orc:1:    layout_diamond_mine, enter_bailey_8, mines3_lemuel
Orc:2:    grunt_orc_tribal_feast, layout_diamond_mine
Elf:1:    minmay_elf_crystal_pentagon, layout_gridlike, minmay_elf_demonology,
          hex_tiny, grunt_megastairs_5, minmay_shop_grove

Skill      XL: |  1  2  3  4  5  6  7  8  9 10 11 12 13 14 15 16 |
---------------+-------------------------------------------------+-----
Axes           | 3 4 5 6 9 13 14 15 16 | 16.0
Fighting       | 4 6 7 8 9 12 16 | 16.3
Armour         | 4 5 6 8 10 11 13 15 | 15.0
Dodging        | 1 2 3 5 6 8 9 10 11 13 14 | 14.7
Shields        | 4 5 6 8 10 12 14 | 14.0
Crossbows      | 4 7 9 10 | 10.0
Evocations     | 6 7 9 10 | 10.0

Action                   |  1- 3 |  4- 6 |  7- 9 | 10-12 | 13-15 | 16-18 || total
-------------------------+-------+-------+-------+-------+-------+-------++-------
Melee: War axe           |   102 |   107 |   358 |   685 |   932 |   404 ||  2588
       Headbutt          |    12 |    16 |    72 |   128 |   233 |    93 ||   554
       Unarmed           |       |       |     4 |       |       |       ||     4
       Hand axe          |       |       |       |    12 |    26 |     6 ||    44
       Scimitar          |       |       |       |       |       |     3 ||     3
 Fire: Hand crossbow     |       |       |       |     3 |       |    12 ||    15
Invok: Call Merchant     |       |       |       |       |       |     1 ||     1
 Abil: Evoke Invisibilit |       |       |       |       |    13 |     2 ||    15
Evoke: Wand              |       |       |       |     2 |       |     1 ||     3
       Condenser vane    |       |       |       |       |       |     1 ||     1
  Use: Scroll            |       |     5 |       |    17 |    10 |     2 ||    34
       Potion            |       |     1 |     2 |     4 |     4 |     5 ||    16
 Stab: Distracted        |       |       |       |     1 |    12 |     4 ||    17
       Invisible         |       |       |       |       |    21 |       ||    21
       Petrified         |       |       |       |       |       |     2 ||     2
Armor: Scale mail        |    46 |    43 |    96 |       |       |       ||   185
       Ring mail         |       |       |     6 |   107 |       |       ||   113
       Plate armour      |       |       |       |    23 |   322 |    39 ||   384
       Skin              |       |       |       |       |     2 |       ||     2
       Storm dragon scal |       |       |       |       |       |   109 ||   109
Dodge: Dodged            |    32 |    60 |   219 |   269 |   239 |   207 ||  1026
Block: Kite shield       |    50 |       |       |   250 |   508 |   305 ||  1113
       Buckler           |       |    23 |    67 |    42 |       |       ||   132

Table legend: (Time is in decaauts)
 A = Elapsed time spent in this place.
 B = Non-inter-level travel time spent in this place.
 C = Inter-level travel time spent in this place.
 D = Time resting spent in this place.
 E = Time spent auto-exploring this place.
 F = Levels seen in this place.
 G = Mean time per level.
                   A        B        C        D        E       F      G
               +--------+--------+--------+--------+--------+-----+--------+
         Total |  31379 |  29359 |   2020 |   5086 |  17383 |  31 | 1012.2 |
       Dungeon |  17216 |  15877 |   1339 |   2841 |   9306 |  15 | 1147.7 |
        Temple |    200 |    186 |     14 |      0 |    186 |   1 |  200.0 |
          Lair |   6526 |   6036 |    490 |    192 |   4639 |   6 | 1087.7 |
   Spider Nest |   3540 |   3417 |    123 |   1039 |   1790 |   3 | 1180.0 |
  Orcish Mines |   2054 |   2002 |     52 |    428 |    766 |   2 | 1027.0 |
   Elven Halls |    141 |    141 |      0 |    100 |      4 |   1 |  141.0 |
        Bailey |    498 |    498 |      0 |    203 |    174 |   1 |  498.0 |
       Volcano |    276 |    276 |      0 |     36 |    161 |   1 |  276.0 |
      Gauntlet |    924 |    924 |      0 |    247 |    357 |   1 |  924.0 |
               +--------+--------+--------+--------+--------+-----+--------+

Top non-repeatable levels by time:
Spider:2: 1954 daAuts
Spider:1: 1576 daAuts
    D:12: 1430 daAuts
     D:6: 1406 daAuts
     D:2: 1375 daAuts
     D:9: 1371 daAuts
     D:4: 1324 daAuts
  Lair:4: 1315 daAuts
  Lair:6: 1305 daAuts
    D:11: 1264 daAuts
    D:14: 1174 daAuts
  Lair:2: 1144 daAuts
    D:15: 1137 daAuts
     D:7: 1131 daAuts
     D:1: 1096 daAuts
